 Dungeon Sprint DCSS version 0.26-a0-1222-g14533b3512 (webtiles) character file.

Game seed: 14429152190979382153

3181 reriks the Basher (level 9, -3/64 HPs)
             Began as a Gargoyle Berserker on Dec 31, 2020.
             Was a High Priest of Trog.
             Killed from afar by an orc sorcerer (31 damage)
             ... with a bolt of fire
             ... in the Dungeon (Sprint III: "The Ten Rune Challenge").
             The game lasted 00:04:47 (2648 turns).

reriks the Basher (Gargoyle Berserker)              Turns: 2648, Time: 00:04:48

Health: -3/64      AC:  9    Str: 24    XL:     9   Next: 95%
Magic:  9/9        EV: 15    Int:  8    God:    Trog [*****.]
Gold:   18         SH:  0    Dex:  9    Spells: 8/8 levels left

rFire    . . .     SeeInvis .   r - +3 great mace
rCold    . . .     Faith    .   (shield currently unavailable)
rNeg     + . .     Spirit   .   n - +0 ring mail
rPois    ∞         Reflect  .   (no helmet)
rElec    +         Harm     .   (no cloak)
rCorr    .         Rampage  .   (no gloves)
Will     ++...     NoTele   +   (no boots)
Stlth    ..........             (no amulet)
HPRegen  1.20/turn              (no ring)
MPRegen  0.11/turn              (no ring)

@: corroded, berserk cooldown, regenerating, hasted and slowed
A: negative energy resistance 1, electricity resistance, unbreathing,
petrification resistance, miasma immunity, AC +6
a: Renounce Religion, Berserk, Trog's Hand, Brothers in Arms


You were in the Dungeon.
You worshipped Trog.
Trog was extremely pleased with you.
You visited 1 branch You collected 18 gold pieces.

Inventory:

Hand Weapons
 a - a +0 mace
 r - a +3 great mace (weapon)
Armour
 b - a +0 animal skin
 n - a +0 ring mail (worn)
Wands
 q - a wand of paralysis (9)
Scrolls
 h - a scroll of blinking
 j - a scroll of magic mapping {unknown}
 k - a scroll of holy word {unknown}
 l - 2 scrolls of amnesia
 m - a scroll of torment {unknown}
 o - 2 scrolls of remove curse
Potions
 c - 4 potions of curing
 d - 2 potions of heal wounds
 f - 2 potions of magic
 g - a potion of berserk rage
 i - a potion of lignification
 p - 6 potions of mutation


   Skills:
 + Level 11.5 Fighting
 * Level 14.0 Maces & Flails
 + Level 11.2 Armour
 + Level 8.8 Dodging


You had 8 spell levels left.
You didn't know any spells.
Your spell library was empty.

Dungeon Overview and Level Annotations

Branches:
Dungeon (1/1)

Altars:
Cheibriados
Dithmenos
Elyvilon
Fedhas
Gozag
Hepliaklqana
Kikubaaqudgha
Makhleb
Nemelex Xobeh
Okawaru
Qazlal
Ru
Sif Muna
Trog
Uskayaw
Vehumet
Wu Jian
Xom
Yredelemnul
Zin
The Shining One
Beogh
Jiyva
Lugonu


Innate Abilities, Weirdness & Mutations

You are resistant to torment.
Your stone body is resilient. (AC +6)
You are immune to poison.
You resist negative energy. (rN+)
You are resistant to electric shocks. (rElec)
You can survive without breathing.
You are immune to petrification.
You are immune to miasma.


Message History

The orc sorcerer hits you but does no damage.
The orc sorcerer hits you with a +0 dagger.
You miss the orc sorcerer.
The orc sorcerer is heavily wounded.
The orc sorcerer hits you but does no damage.
The orc sorcerer gestures at you while chanting.
The bolt of fire hits you!!
You closely miss the orc sorcerer.
The orc sorcerer is heavily wounded.
The orc sorcerer hits you but does no damage.
The orc sorcerer hits you with a +0 dagger.
You flatten the orc sorcerer like a pancake!!!
You kill the orc sorcerer!
Trog accepts your kill.
Trog appreciates your killing of a magic user.
Something appears at your feet! Trog grants you a weapon!
The orc sorcerer casts a spell at you. The bolt of fire hits you!!
You die...

).#__.#._#...oo #'#'###'##$.oo
.....)[..#o.o ⌠....)...#.$
..######'#.#
⌠.#__#...#o##############
..#__#...#.ooo#.#.#.....#
###__#...##.#3.#o##)###.#
).#__#...'##.#.#@##.#.)##
__#__'...#...#3o#..##..'.^..^.
▓▓▓▓▓▓▓▓▓▓▓▓▓▓▓▓▓▓▓▓▓▓▓#......
.^.^.. ..^.^ ...s. ####


You could see a soul eater (summoned), an orc sorcerer and an orc warrior.

Vanquished Creatures
  Erolcha (D)
  A deep elf mage (D)
  2 orc sorcerers (D)
  A shadow (D)
  A redback (D)
  A spatial vortex (D)
  A necrophage (D)
  5 two-headed ogres (D)
  A water elemental (D)
  A jelly (D)
  Jessica (D)
  A wizard (D)
  A necromancer (D)
  3 humans (D)
  A kobold demonologist (D)
  2 oozes (D)
  A phantom (D)
  A rat (D)
26 creatures vanquished.

Vanquished Creatures (others)
  A hydra (D)
  6 plants (D)
7 creatures vanquished.

Grand Total: 33 creatures vanquished

Notes
Turn   | Place    | Note
-------+----------+-------------------------------------------
     0 | D        | reriks the Gargoyle Berserker began the quest for the Orb.
     0 | D        | Reached XP level 1. HP: 14/14 MP: 1/1
   226 | D        | Reached XP level 2. HP: 11/20 MP: 2/2
   317 | D        | Killed a five-headed hydra
   457 | D        | Noticed Jessica
   463 | D        | Killed Jessica
   463 | D        | Reached ** piety under Trog
   464 | D        | Reached skill level 4 in Maces & Flails
   464 | D        | Reached XP level 3. HP: 24/24 MP: 3/3
   647 | D        | Reached skill level 5 in Maces & Flails
   851 | D        | Reached skill level 5 in Fighting
   851 | D        | Reached XP level 4. HP: 30/31 MP: 4/4
   891 | D        | Noticed a water elemental
   902 | D        | Killed a water elemental
   902 | D        | Reached *** piety under Trog
   903 | D        | Reached skill level 6 in Maces & Flails
   903 | D        | Reached skill level 5 in Armour
   903 | D        | Reached XP level 5. HP: 16/36 MP: 5/5
  1112 | D        | Found a glowing silver altar of Zin.
  1112 | D        | Found a glowing golden altar of the Shining One.
  1112 | D        | Found a white marble altar of Elyvilon.
  1113 | D        | Noticed a deep elf mage
  1120 | D        | Killed a deep elf mage
  1121 | D        | Reached skill level 9 in Maces & Flails
  1121 | D        | Reached skill level 5 in Dodging
  1121 | D        | Reached XP level 6. HP: 44/44 MP: 6/6
  1121 | D        | Reached XP level 7. HP: 49/49 MP: 7/7
  1266 | D        | Found a hide-covered altar of Uskayaw.
  1266 | D        | Found a roughly hewn altar of Beogh.
  1266 | D        | Found an iron altar of Okawaru.
  1266 | D        | Found a bloodstained altar of Trog.
  1266 | D        | Found an ornate altar of the Wu Jian Council.
  1266 | D        | Noticed a human
  1267 | D        | Noticed a human
  1273 | D        | Killed a human
  1274 | D        | Reached skill level 10 in Maces & Flails
  1281 | D        | Killed a human
  1281 | D        | Reached **** piety under Trog
  1525 | D        | Found a basalt altar of Yredelemnul.
  1525 | D        | Found a shadowy altar of Dithmenos.
  1525 | D        | Found a sacrificial altar of Ru.
  1533 | D        | Reached skill level 11 in Maces & Flails
  1533 | D        | Reached XP level 8. HP: 56/56 MP: 8/8
  1597 | D        | Noticed a shadow
  1608 | D        | Killed a shadow
  1838 | D        | Found a radiant altar of Vehumet.
  1838 | D        | Found a shimmering blue altar of Sif Muna.
  1838 | D        | Found an ancient bone altar of Kikubaaqudgha.
  1842 | D        | Reached ***** piety under Trog
  1951 | D        | Found a blossoming altar of Fedhas.
  1951 | D        | Found a stormy altar of Qazlal.
  1952 | D        | Found a snail-covered altar of Cheibriados.
  1952 | D        | Found a burning altar of Makhleb.
  1952 | D        | Found a hazy altar of Hepliaklqana.
  1952 | D        | Found a shimmering altar of Xom.
  1952 | D        | Found an opulent altar of Gozag.
  1952 | D        | Found a sparkling altar of Nemelex Xobeh.
  1952 | D        | Found a corrupted altar of Lugonu.
  1952 | D        | Found a viscous altar of Jiyva.
  2353 | D        | Reached skill level 10 in Fighting
  2353 | D        | Reached skill level 12 in Maces & Flails
  2425 | D        | Noticed a two-headed ogre
  2435 | D        | Killed a two-headed ogre
  2435 | D        | Received a gift from Trog
  2436 | D        | Reached skill level 10 in Armour
  2436 | D        | Reached XP level 9. HP: 62/62 MP: 9/9
  2481 | D        | Noticed a two-headed ogre
  2481 | D        | Noticed Erolcha
  2486 | D        | Killed Erolcha
  2487 | D        | Reached skill level 13 in Maces & Flails
  2493 | D        | Killed a two-headed ogre
  2613 | D        | Noticed an orc sorcerer
  2614 | D        | Noticed an orc sorcerer
  2614 | D        | Noticed an orc sorcerer
  2626 | D        | Killed an orc sorcerer
  2627 | D        | Reached skill level 14 in Maces & Flails
  2628 | D        | Paralysed by an orc sorcerer for 5 turns
  2636 | D        | Noticed a rust devil
  2637 | D        | Noticed a soul eater
  2648 | D        | Killed an orc sorcerer
  2648 | D        | Received a gift from Trog
  2648 | D        | Killed from afar by an orc sorcerer

Illustrated notes

Levels and vault maps discovered:
D:        dungeon_sprint_mu [sprint_mu_entry_cave, sprint_mu_temple_rooms,
          sprint_mu_d1_spiders, sprint_mu_d2_genie, sprint_mu_d3_branching,
          sprint_mu_orc_legion, sprint_mu_elf_gauntlet, sprint_mu_hive_nellie,
          sprint_mu_lair_fedhas, sprint_mu_vaults_butterflies,
          sprint_mu_slime_circle, sprint_mu_swamp_cave, sprint_mu_snake_twists,
          sprint_mu_blade_basic, sprint_mu_crypt_chambers,
          sprint_mu_tomb_spiral, sprint_mu_vestibule_basic,
          sprint_mu_gehenna_hellfire, sprint_mu_dis_giant,
          sprint_mu_tartarus_statrot, sprint_mu_cocytus_islands, sprint_mu_zot1]

Skill      XL: |  1  2  3  4  5  6  7  8  9 |
---------------+----------------------------+-----
Dodging        | 2 3 5 6 7 8 |  8.8
Fighting       | 4 5 8 9 10 11 | 11.5
Armour         | 3 4 5 7 8 10 11 | 11.2
Maces & Flails | 4 5 6 9 11 12 14 | 14.0

Action                   |  1- 3 |  4- 6 |  7- 9 || total
-------------------------+-------+-------+-------++-------
Melee: Mace              |    31 |    16 |    65 ||   112
       Great mace        |       |       |    28 ||    28
Invok: Berserk           |     2 |     2 |    10 ||    14
       Trog's Hand       |       |       |     2 ||     2
Evoke: Wand              |       |       |     1 ||     1
  Use: Scroll            |       |     2 |       ||     2
       Potion            |       |       |     1 ||     1
Armor: Animal skin       |     3 |     1 |     2 ||     6
       Ring mail         |       |       |    25 ||    25
Dodge: Dodged            |    11 |     6 |    42 ||    59

Table legend: (Time is in decaauts)
 A = Elapsed time spent in this place.
 B = Non-inter-level travel time spent in this place.
 C = Inter-level travel time spent in this place.
 D = Time resting spent in this place.
 E = Time spent auto-exploring this place.
 F = Levels seen in this place.
 G = Mean time per level.
                   A        B        C        D        E       F      G
               +--------+--------+--------+--------+--------+-----+--------+
         Total |   2758 |   2758 |      0 |   2276 |      3 |   1 | 2758.0 |
       Dungeon |   2758 |   2758 |      0 |   2276 |      3 |   1 | 2758.0 |
               +--------+--------+--------+--------+--------+-----+--------+

Top non-repeatable levels by time:
       D: 2758 daAuts
